 Dungeon Crawl Stone Soup version 0.19-a0-569-g984bae3 (webtiles) character file.

539231 Charmandara the Peltast (level 24, -5/122 HPs)
             Began as a High Elf Fighter on June 2, 2016.
             Was the Champion of Okawaru.
             Killed from afar by an ancient lich (8 damage)
             ... with a bolt of lightning
             ... on level 3 of the Abyss on June 9, 2016.
             The game lasted 04:10:20 (69261 turns).

Charmandara the Peltast (High Elf Fighter)         Turns: 69261, Time: 04:10:21

Health: -5/122     AC: 35    Str:  7    XL:     24   Next: 68%
Magic:  19/27      EV: 18    Int: 25    God:    Okawaru [******]
Gold:   3174       SH: 29    Dex: 26    Spells: 11 memorised, 2 levels left

rFire  + + +     SeeInvis .     a - +9 double sword (protect)
rCold  + + .     Gourm    .     C - +8 fire dragon armour {rF++, rC-}
rNeg   . . .     Faith    +     g - +8 large shield {rC+ rF+}
rPois  +         Spirit   .     o - +3 hat of Pondering {ponderous, MR+ MP+10 Int+5}
rElec  +         Dismiss  .     V - +0 cloak of the Desert {rPois Str-4 Int+4 Dex+9 Stlth-}
rCorr  .         Reflect  .     l - +2 pair of gloves {archery}
SustAt .         Harm     .     A - +2 pair of boots {run}
MR     +++++     Clarity  +     h - amulet of faith {Faith, !P}
Stlth  .......... Rnd*Tele +    Q - ring of Keos {rC++ MR++ MP-9 EV+4}
                                e - +4 ring of slaying

@: about to teleport, very slightly contaminated, non-regenerating, mildly
diseased, hasted, very quick, almost entirely resistant to hostile enchantments,
extremely unstealthy
A: berserk 3, blurry vision 3, clarity, clumsy 2, deformed body, deterioration
2, dopey 2, frail 3, low mp 2, electricity resistance, slow regeneration 2,
teleportitis 3, weak 2, no device heal 3, subdued magic 3, MP-powered wands
a: Heroism, Finesse, Renounce Religion
}: 3/15 runes: decaying, serpentine, silver


You were on level 3 of the Abyss.
You worshipped Okawaru.
Okawaru was exalted by your worship.
You were not hungry.

You visited 9 branches of the dungeon, and saw 45 of its levels.
You visited the Abyss 1 time.
You also visited: Trove, Ossuary, Bailey and Ice Cave.

You collected 6876 gold pieces.
You spent 3702 gold pieces at shops.

Inventory:

Hand Weapons
 a - a +9 double sword of protection (weapon)
   (Okawaru gifted it to you on level 2 of the Orcish Mines)
 b - a +4 eudemon blade of holy wrath
   (You took it off a daeva on level 2 of the Depths)
 w - the +14 plutonium sword {*Contam Stlth-}
   (You took it off an orc sorcerer on level 3 of the Elven Halls)

   It causes magical contamination when unequipped.
   It makes you less stealthy.
 D - the +7 Spriggan's Knife {MR+ EV+4 Dex+4 Stlth+}
   (You took it off a cherub on level 2 of the Depths)

   It affects your evasion (+4).
   It affects your dexterity (+4).
   It affects your resistance to hostile enchantments.
   It makes you more stealthy.
Missiles
 J - 8 javelins (quivered)
Armour
 g - a +8 large shield of resistance (worn)
   (Okawaru gifted it to you on level 2 of the Swamp)
 l - a +2 pair of gloves of archery (worn)
   (You bought it in a shop on level 2 of the Orcish Mines)
 o - the +3 hat of Pondering (worn) {ponderous, MR+ MP+10 Int+5}
   (You found it on level 3 of the Elven Halls)

   It affects your intelligence (+5).
   It affects your resistance to hostile enchantments.
   It affects your magic capacity (+10).
 A - a +2 pair of boots of running (worn)
   (Okawaru gifted it to you on level 5 of the Lair of Beasts)
 C - a +8 fire dragon armour (worn) {rF++, rC-}
   (You took it off Margery on level 2 of the Vaults)
 V - the +0 cloak of the Desert (worn) {rPois Str-4 Int+4 Dex+9 Stlth-}
   (Okawaru gifted it to you on level 3 of the Lair of Beasts)

   It affects your strength (-4).
   It affects your intelligence (+4).
   It affects your dexterity (+9).
   It protects you from poison.
   It makes you less stealthy.
Jewellery
 e - a +4 ring of slaying (left hand)
   (You found it on level 1 of the Dungeon)
 h - an amulet of faith (around neck) {Faith, !P}
   (You bought it in a shop on level 2 of the Orcish Mines)
 Q - the ring of Keos (right hand) {rC++ MR++ MP-9 EV+4}
   (You took it off a deep elf annihilator on level 3 of the Elven Halls)

   [ring of evasion]

   It affects your evasion (+4).
   It greatly protects you from cold.
   It affects your resistance to hostile enchantments.
   It affects your magic capacity (-9).
 S - an uncursed ring of see invisible {sInv, !d}
   (You found it on level 10 of the Dungeon)
Wands
 s - a wand of hasting (2/9)
   (You found it in a treasure trove)
 F - a wand of teleportation (2/9)
   (You found it on level 1 of the Depths)
 W - a wand of digging (3/24)
   (You found it on level 3 of the Swamp)
Scrolls
 i - 5 scrolls of fog
 n - 3 scrolls of vulnerability {!r!r}
 q - 6 scrolls of blinking {!r}
 r - 6 scrolls of teleportation
 v - 21 scrolls of remove curse
 x - a scroll of recharging
 z - a scroll of brand weapon
 E - 7 scrolls of enchant armour
 H - a scroll of fear
 I - 5 scrolls of holy word {!r}
 K - 5 scrolls of magic mapping {!r}
 R - 3 scrolls of identify
 T - a scroll of enchant weapon
Potions
 c - a potion of cure mutation {!q}
 d - 8 potions of might
 p - 4 potions of ambrosia
 u - 4 potions of agility
 y - 19 potions of curing
 G - 6 potions of haste
 L - 2 potions of magic
 M - a potion of flight
 N - a potion of cancellation
 O - 2 potions of resistance
 Y - a potion of berserk rage {!q}
Books
 m - a book of the Sky
   (You found it on level 5 of the Vaults)
Miscellaneous
 k - 2 sacks of spiders
 t - a lamp of fire
   (You found it on level 9 of the Dungeon)
 P - a phial of floods
   (You found it on level 3 of the Elven Halls)
 U - a crystal ball of energy
   (You found it on level 5 of the Vaults)
 X - a fan of gales
   (You found it on level 8 of the Lair of Beasts)
 Z - a phantom mirror
Comestibles
 f - 39 bread rations {@e1}
 j - 8 royal jellies
 B - 18 meat rations {@e2}


   Skills:
 - Level 17.2 Fighting
 - Level 16.0 Long Blades
 - Level 17.0 Armour
 - Level 15.6 Dodging
 * Level 19.9 Shields
 - Level 5.7 Spellcasting
 - Level 6.2 Hexes
 - Level 11.0 Charms
 - Level 12.0 Summonings
 - Level 5.5 Necromancy
 - Level 12.0 Translocations
 - Level 10.7 Air Magic
 - Level 9.0 Invocations
 + Level 0.0 Evocations


You had 2 spell levels left.
You knew the following spells:

 Your Spells              Type           Power        Failure   Level  Hunger
a - Passage of Golubria   Tloc           N/A          4%          4    ###....
b - Blink                 Tloc           N/A          1%          2    None
c - Airstrike             Air            ####......   8%          4    ###....
d - Repel Missiles        Chrm/Air       ####..       1%          2    None
e - Summon Forest         Summ/Tloc      #####.....   14%         5    #####..
f - Silence               Hex/Air        ####......   82%         5    #####..
g - Apportation           Tloc           #####.....   1%          1    None
r - Regeneration          Chrm/Necr      ####......   6%          3    #......
z - Spectral Weapon       Hex/Chrm       ####....     4%          3    #......
B - Summon Butterflies    Summ           #####...     1%          1    None
S - Song of Slaying       Chrm           ####....     1%          2    None


Dungeon Overview and Level Annotations

Branches:
Dungeon (15/15)            Temple (1/1) D:6            Lair (8/8) D:9
  Swamp (4/4) Lair:6        Snake (4/4) Lair:6        Slime (0/6) Lair:8
    Orc (2/2) D:10            Elf (3/3) Orc:2        Vaults (5/5) D:14
  Crypt (0/3) Vaults:2     Depths (3/5) D:15

Altars:
Ashenzari
Cheibriados
Dithmenos
Elyvilon
Fedhas
Gozag
Hepliaklqana
Kikubaaqudgha
Makhleb
Nemelex Xobeh
Okawaru
Pakellas
Qazlal
Ru
Sif Muna
Trog
Uskayaw
Xom
Yredelemnul
Zin
The Shining One
Beogh

Shops:
D:5 (   D:8 [   D:9 (   D:15 [   Orc:1 *   Orc:2 (=[*   Snake:1 [   Vaults:3 =
Vaults:4 }   Vaults:5 !!??%%?!   Depths:1 [*(

Portals:
Hell: Depths:1 Depths:2 Depths:3
Pandemonium: Depths:3

Annotations:
Snake:4 Wiglaf


Innate Abilities, Weirdness & Mutations

You possess an exceptional clarity of mind.
You are resistant to electric shocks. (rElec)
[You have an uncontrollable temper.]
[Scrolls take you much longer to read.]
[You are very clumsy. (Dex -4)]
[Armour fits poorly on your strangely shaped body.]
[Your body often deteriorates upon taking damage.]
[You are very dopey. (Int -4)]
[You are extremely frail. (-30% HP)]
[Your magical capacity is very low. (-20% MP)]
[You do not regenerate naturally when monsters are visible.]
[You are often teleported next to monsters.]
[You are very weak. (Str -4)]
[Potions and wands cannot restore your health.]
[Your spells are much easier to cast, but much less powerful.]
[You expend magic power (3 MP) to strengthen your wands.]


Message History

The flying skull gives a hideous shriek!
The wretched star glows turbulently.
The orb of energy hits you!
* * * LOW HITPOINT WARNING * * *
A deafening chorus of shrieks assaults your mind!
* * * LOW HITPOINT WARNING * * *
The raiju bursts into living lightning!
The living lightning hits you! You resist.
* * * LOW HITPOINT WARNING * * *
The raiju blinks!
You take 25 damage, and have 17/122 hp.
MASSIVE DAMAGE!!
Okay, then.
Okay, then.
You feel yourself speed up.
A starcursed mass splits.
A deafening chorus of shrieks assaults your mind!
* * * LOW HITPOINT WARNING * * *
You suddenly lose the ability to move!
The raiju bursts into living lightning!
The living lightning hits you! You resist.
* * * LOW HITPOINT WARNING * * *
The raiju blinks!
The wretched star pulses with an eldritch light!
You feel extremely angry at everything!
The raiju twists and deforms.
You are very lightly contaminated with residual magic.
You can move again.
A flying skull comes into view.
You take 14 damage, and have 3/122 hp.
Unknown command.
Unknown command.
Unknown command.
Unknown command.
Okay, then.
Okay, then.
Okay, then.
Okay, then.
Really read
q - 6 scrolls of blinking {!r}?
Really read with blurry vision while enemies are nearby?
Okay, then.
Unknown command.
Okay, then.
You blink.
The flying skull gives a hideous shriek!
A worldbinder comes into view.
A starcursed mass splits.
The worldbinder calls forth creatures from the Swamp!
An ancient lich comes into view.
You now have 25/27 mp.
Unknown command.
Okay, then.
Okay, then.
Okay, then.
Okay, then.
Okay, then.
Okay, then.
Okay, then.
Okay, then.
Okay, then.
The floor.
Unknown command.
Okay, then.
Here: a starcursed mass The floor.
Unknown command.
Okay, then.
You feel strangely unstable.
You feel the power of the Abyss delaying your translocation!
This wand has 2 charges left.
The ancient lich shouts!
You now have 22/27 mp.
Unknown command.
Unknown command.
You blink.
A starcursed mass splits.
You now have 20/27 mp.
Unknown command.
Unknown command.
Unknown command.
You blink.
You now have 19/27 mp.
Unknown command.
Unknown command.
Okay, then.
Really read with blurry vision while enemies are nearby?
Okay, then.
Unknown command.
Unknown command.
Okay, then.
The worldbinder calls forth creatures from the Swamp!
Okay, then.
Okay, then.
Okay, then.
The vampire mosquito disappears in a puff of smoke!
Unknown command.
Okay, then.
The ancient lich casts a spell at you.
The bolt of lightning misses the vampire mosquito.
The bolt of lightning hits you! You resist.
You die...

.........zz...........
.
......................
. .
.......z..h..........
....§x................
.##.....L##......##..
. #.....y##......## .
....................
...................
..........@........
.................. .
.................. .
..................
##......##......## .
#...... #......# .
...... ......... ####
..#......


You could see an ancient lich, a worldbinder, a raiju and a vampire mosquito.

Vanquished Creatures
  2 ancient liches (Vaults:5)
  Mennas (Depths:2)
  Margery (Vaults:2)
  Saint Roka (Vaults:4)
  3 golden dragons (Vaults:5)
  the Enchantress (Depths:2)
  Nikola (Swamp:2)
  Jorgrun (Swamp:2)
  Asterion (Depths:2)
  3 tentacled monstrosities
  2 deep elf blademasters (Elf:3)
  A titan (Depths:3)
  2 quicksilver dragons
  2 liches
  Frances (Elf:1)
  5 sphinxes
  7 shadow dragons (Vaults:5)
  3 thorn hunters
  3 daevas (Depths:2)
  Roxanne (Swamp:2)
  9 deep elf sorcerers
  Maud (D:14)
  5 tengu reavers
  5 greater nagas
  4 fire giants
  2 iron dragons
  11 frost giants
  29 vault wardens
  3 orc warlords
  Donald (Elf:1)
  2 deep elf elementalists
  Louise (Elf:2)
  Aizul (Snake:3)
  An emperor scorpion (shapeshifter) (Vaults:5)
  3 spriggan defenders (Depths:2)
  19 ironheart preservers
  3 angels (Depths:2)
  A war gargoyle (Vaults:5)
  10 very ugly things
  18 stone giants
  9 deep elf demonologists
  2 vampire knights
  Nessos (D:13)
  12 deep elf annihilators
  8 deep elf death magi
  2 green deaths (Swamp:4)
  9 ettins
  Erolcha (D:8)
  2 death oozes (Swamp:4)
  28 vault guards
  17 yaktaur captains
  4 great orbs of eyes
  The ghost of Buffagor the Basher, a journeyman GrFi of Ashenzari (IceCv)
  8 fire dragons
  The ghost of penpaper the Champion of Chaos, a journeyman GrFi of Makhleb (D:13)
  2 rakshasas
  3 ghost crabs
  5 ice dragons
  4 entropy weavers
  7 naga warriors
  19 hydras
  A juggernaut simulacrum (Depths:3)
  A ghost crab (shapeshifter) (Depths:3)
  A hell beast (Swamp:4)
  2 spriggan air magi (Depths:2)
  Erica (Lair:1)
  8 ogre magi
  10 centaur warriors
  3 death knights
  8 alligators
  2 deep troll shamans
  16 anacondas
  5 tengu warriors
  4 death yaks (Lair:4)
  3 hell hogs (Depths:1)
  29 dancing weapons
  2 deep troll earth magi
  The ghost of heteroy the Cleaver, a novice FoAs of Uskayaw (Bailey)
  A thrashing horror (Swamp:4)
  7 orc high priests
  6 shock serpents
  3 spriggan berserkers (Depths:2)
  34 deep elf knights
  9 naga sharpshooters
  2 skeletal warriors
  4 large abominations
  2 wretched stars (Abyss:3)
  4 fire crabs
  2 spatial maelstroms (Abyss:3)
  6 hell knights
  6 cherubim (Depths:2)
  2 shadow wraiths
  4 salamander mystics (Snake:4)
  A wizard (Vaults:2)
  15 deep trolls
  5 unseen horrors
  A giant orange brain (Vaults:3)
  7 hill giants
  A naga ritualist (Snake:4)
  4 swamp dragons
  An orange crystal statue (Vaults:2)
  A flayed ghost (Vaults:3)
  9 harpies
  22 deep elf archers
  A lindwurm (shapeshifter) (Vaults:4)
  A shambling mangrove (Swamp:2)
  3 mana vipers
  85 deep elf magi
  31 orc knights
  7 phantasmal warriors
  5 griffons
  32 ugly things
  4 hornets
  A shining eye (shapeshifter) (Vaults:4)
  5 cyclopes
  18 ironbrand convokers
  A faun (shapeshifter) (Vaults:5)
  14 orc sorcerers
  5 wolf spiders
  4 elephants (Lair:6)
  A moth of wrath (shapeshifter) (Depths:3)
  2 worldbinders (Abyss:3)
  13 salamanders
  A salamander (shapeshifter) (Vaults:5)
  A sixfirhy (Abyss:3)
  14 black mambas
  2 guardian serpents (shapeshifter)
  5 guardian serpents
  15 naga magi
  4 orange demons (Swamp:4)
  4 centaur skeletons
  29 spiny frogs
  16 vault sentinels
  3 rime drakes
  3 kobold demonologists
  51 yaktaurs
  3 efreet
  15 komodo dragons
  5 freezing wraiths
  2 tengu conjurers
  A jumping spider (Vaults:5)
  A meliai (shapeshifter) (Vaults:4)
  A silent spectre (Abyss:3)
  11 trolls
  An ancient zyme (Abyss:3)
  A wind drake (shapeshifter) (Elf:2)
  9 giant leeches
  10 bog bodies
  13 two-headed ogres
  A two-headed ogre (shapeshifter) (Vaults:5)
  44 blink frogs
  A slime creature (shapeshifter) (Depths:1)
  27 slime creatures
  A raiju (shapeshifter) (Vaults:4)
  7 redbacks (Vaults:5)
  3 vampires
  3 tarantellas (shapeshifter)
  7 boulder beetles
  A wraith (Vaults:3)
  4 water elementals
  36 yaks
  A tarantella (Vaults:5)
  11 spriggans
  2 starcursed masses (Abyss:3)
  A yak (shapeshifter) (Vaults:3)
  2 wyverns (D:10)
  2 shadows
  11 hippogriffs
  6 basilisks
  Eustachio (D:5)
  28 vampire mosquitoes
  A hippogriff (shapeshifter) (Elf:2)
  A chaos spawn (Abyss:3)
  6 fire elementals
  A neqoxec (Abyss:3)
  Menkaure (Ossuary)
  3 hungry ghosts
  7 wargs
  3 mottled dragons
  3 insubstantial wisps (Lair:1)
  31 nagas
  A swamp worm (shapeshifter) (Depths:1)
  A naga (shapeshifter) (D:15)
  21 swamp worms
  2 small abominations (Abyss:3)
  3 giant eyeballs (D:14)
  The ghost of SevenDeadlySins the Sneak, an amateur VSAs (D:4)
  15 porcupines
  7 hell hounds
  13 water moccasins
  16 swamp drakes
  62 orc warriors
  6 sky beasts
  12 ice beasts
  2 black bears (shapeshifter) (Vaults:5)
  4 phantoms
  An eye of draining (shapeshifter) (D:15)
  2 eyes of draining
  A black bear (D:13)
  33 ogres
  2 necrophages
  A boggart (Vaults:3)
  A sky beast (shapeshifter) (Elf:1)
  16 wasps
  An ettin simulacrum (Vaults:2)
  An ogre (shapeshifter) (Vaults:5)
  4 wolves (Lair:3)
  17 centaurs
  A crocodile (shapeshifter) (Vaults:5)
  A big kobold (shapeshifter) (Depths:2)
  20 crocodiles
  3 big kobolds
  5 earth elementals
  40 giant frogs
  A gnoll sergeant (D:10)
  6 scorpions
  A human simulacrum (Vaults:3)
  7 killer bees
  6 jellies
  18 wights
  12 electric eels
  A howler monkey (D:10)
  5 crimson imps
  10 centaur zombies
  6 hounds
  A giant frog zombie (D:8)
  24 orc priests
  44 orc wizards
  A hound (shapeshifter) (Vaults:3)
  A quasit (Abyss:3)
  2 giant frog skeletons
  An iron imp (Abyss:3)
  7 iguanas
  Natasha (thrice) (D:2)
  7 worker ants
  An ogre zombie (Ossuary)
  44 sheep
  A hound skeleton (D:9)
  6 mummies (Ossuary)
  2 worker ant zombies
  23 gnolls
  10 adders
  A howler monkey skeleton (D:5)
  58 river rats
  4 shadow imps
  12 white imps (Lair:3)
  3 oozes
  3 adder skeletons
  5 adder zombies
  14 worms
  A dart slug (D:1)
  3 giant geckos
  135 orcs
  4 bats
  8 giant cockroaches
  24 goblins
  19 hobgoblins
  11 jackals
  4 quokkas
  5 ball pythons
  A ball python skeleton (D:5)
  A giant gecko skeleton (D:5)
  4 giant newts
  A gnoll zombie (Ossuary)
  4 goblin zombies (Ossuary)
  4 hobgoblin zombies (Ossuary)
  22 kobolds
  5 kobold zombies (Ossuary)
  5 quokka zombies (Ossuary)
  27 rats
  4 rat zombies (Ossuary)
  2 briar patches (Swamp:4)
  2 fungi
  2 plants
2248 creatures vanquished.

Vanquished Creatures (collateral kills)
  A deep elf sorcerer (Elf:2)
  A deep elf elementalist (Elf:3)
  2 ironheart preservers (Vaults:2)
  A very ugly thing (Depths:2)
  A deep elf demonologist (Elf:1)
  2 stone giants (Vaults:4)
  An ogre mage (Vaults:4)
  A shock serpent (Snake:4)
  3 deep elf archers
  A naga ritualist (Snake:3)
  2 deep trolls (Vaults:2)
  4 harpies
  2 ironbrand convokers (Vaults:4)
  2 wizards (Depths:2)
  An orc knight (Vaults:1)
  3 ugly things (Vaults:2)
  A salamander (Snake:3)
  A cyclops (Vaults:1)
  7 deep elf magi
  A black mamba (Snake:4)
  2 guardian serpents (Snake:4)
  A vault sentinel (Vaults:4)
  4 yaktaurs (Vaults:4)
  A troll (Vaults:2)
  4 two-headed ogres
  A warg (Vaults:1)
  A vampire mosquito (Vaults:2)
  3 nagas
  3 orc warriors (Vaults:4)
  2 ogres
  2 centaurs
  2 orc wizards (Vaults:4)
  8 orcs
72 creatures vanquished.

Vanquished Creatures (others)
  A deep elf master archer (Elf:3)
  2 tengu reavers (Vaults:5)
  A deep elf demonologist (Vaults:5)
  A deep elf annihilator (Elf:3)
  A deep elf high priest (Elf:3)
  3 yaktaur captains
  A vault guard (Vaults:5)
  A deep elf knight (Elf:1)
  An unseen horror (Vaults:1)
  A flayed ghost (Vaults:3)
  2 deep elf archers (Elf:3)
  A harpy (Vaults:3)
  A deep elf mage (Vaults:3)
  2 vault sentinels
  A naga mage (Snake:4)
  A yaktaur (Vaults:3)
  A two-headed ogre (Vaults:5)
  A bog body (Swamp:4)
  A fire bat (shapeshifter) (Vaults:5)
  A giant eyeball (Depths:2)
  An orc warrior (Vaults:5)
  A scorpion (shapeshifter) (Vaults:5)
  An orc priest (Orc:2)
  A giant gecko (D:8)
  3 orcs
  A briar patch (Swamp:4)
  18 fungi
  46 plants
  10 snaplasher vines
  1186 snaplasher vine segments
  35 spectral weapons
1328 creatures vanquished.

Grand Total: 3648 creatures vanquished

Notes
Turn   | Place    | Note
--------------------------------------------------------------
     0 | D:1      | Charmandara the High Elf Fighter began the quest for the Orb.
     0 | D:1      | Reached XP level 1. HP: 16/16 MP: 2/2
   283 | D:1      | Reached skill level 3 in Long Blades
   388 | D:1      | Reached XP level 2. HP: 21/21 MP: 3/3
   693 | D:2      | Reached skill level 4 in Long Blades
   838 | D:2      | Reached XP level 3. HP: 26/26 MP: 4/4
   861 | D:2      | Noticed Natasha
   869 | D:2      | Killed Natasha
   869 | D:2      | Reached skill level 1 in Dodging
  1082 | D:2      | Noticed Natasha
  1088 | D:2      | Killed Natasha
  1088 | D:2      | Reached skill level 5 in Long Blades
  1088 | D:2      | Reached XP level 4. HP: 31/31 MP: 5/5
  1274 | D:2      | Noticed Natasha
  1284 | D:2      | Killed Natasha
  1284 | D:2      | Reached skill level 2 in Dodging
  1402 | D:2      | Found a glowing golden altar of the Shining One.
  1677 | D:2      | Reached XP level 5. HP: 22/36 MP: 6/6
  1821 | D:2      | Found an iron altar of Okawaru.
  1834 | D:2      | Became a worshipper of Warmaster Okawaru
  1972 | D:2      | Reached skill level 6 in Long Blades
  2337 | D:3      | Reached skill level 7 in Long Blades
  2337 | D:3      | Reached XP level 6. HP: 42/42 MP: 7/7
  2663 | D:3      | Found a faded altar of an unknown god.
  2732 | D:3      | Reached skill level 8 in Long Blades
  3334 | D:4      | Reached * piety under Okawaru
  3633 | D:4      | Noticed SevenDeadlySins's ghost (amateur VSAs)
  3637 | D:4      | Killed SevenDeadlySins's ghost
  3637 | D:4      | Reached skill level 9 in Long Blades
  3637 | D:4      | Reached skill level 1 in Invocations
  3637 | D:4      | Reached XP level 7. HP: 46/46 MP: 6/8
  3806 | D:4      | Found a hazy altar of Hepliaklqana.
  3813 | D:4      | Found a burning altar of Makhleb.
  3819 | D:4      | Found an oddly glowing altar of Pakellas.
  3830 | D:4      | Found a deep blue altar of Sif Muna.
  3837 | D:4      | Found a glowing silver altar of Zin.
  3842 | D:4      | Found a shimmering altar of Xom.
  3853 | D:4      | Found a stormy altar of Qazlal.
  4201 | D:5      | Entered Level 5 of the Dungeon
  4201 | D:5      | Found a blossoming altar of Fedhas.
  4397 | D:5      | Reached skill level 2 in Invocations
  4399 | D:5      | Reached skill level 3 in Shields
  4439 | D:5      | Reached skill level 3 in Invocations
  4453 | D:5      | Reached ** piety under Okawaru
  4597 | D:5      | Reached XP level 8. HP: 52/52 MP: 11/11
  4609 | D:5      | Noticed Eustachio
  4665 | D:5      | Reached skill level 3 in Armour
  4872 | D:5      | Killed Eustachio
  4872 | D:5      | Reached skill level 4 in Shields
  4919 | D:5      | Found Owubavo's Antique Weapon Shop.
  5074 | D:6      | Reached skill level 4 in Fighting
  5149 | D:6      | Found a staircase to the Ecumenical Temple.
  5167 | D:6      | Reached skill level 10 in Long Blades
  5167 | D:6      | Reached skill level 5 in Shields
  5195 | Temple   | Entered the Ecumenical Temple
  5338 | D:6      | Reached *** piety under Okawaru
  5338 | D:6      | Reached skill level 4 in Armour
  5469 | D:6      | Found a sand-covered staircase.
  5552 | Ossuary  | Entered an ossuary
  5574 | Ossuary  | Reached XP level 9. HP: 58/59 MP: 12/12
  5837 | Ossuary  | Noticed Menkaure
  5851 | Ossuary  | Killed Menkaure
  6405 | D:7      | Reached skill level 5 in Fighting
  6410 | D:7      | Reached skill level 6 in Shields
  6661 | D:7      | Found a hide-covered altar of Uskayaw.
  6822 | D:7      | Found a shattered altar of Ashenzari.
  6873 | D:7      | Reached **** piety under Okawaru
  7300 | D:8      | Learned a level 1 spell: Apportation
  7302 | D:8      | Learned a level 1 spell: Summon Butterflies
  7306 | D:8      | Learned a level 3 spell: Tukima's Dance
  7468 | D:8      | Found Feal's Armour Boutique.
  7478 | D:8      | Bought a +2 leather armour of magic resistance for 247 gold pieces
  7600 | D:8      | You fall through a shaft for 3 floors!
  7618 | D:11     | Reached skill level 5 in Armour
  7632 | D:11     | Reached skill level 7 in Shields
  7635 | D:11     | Noticed a green ugly thing
  7644 | D:11     | Reached skill level 11 in Long Blades
  7657 | D:11     | Reached skill level 6 in Fighting
  7671 | D:11     | Killed a brown ugly thing
  7671 | D:11     | Reached XP level 10. HP: 46/68 MP: 13/13
  7683 | D:11     | Reached ***** piety under Okawaru
  7802 | D:11     | Received a gift from Okawaru
  7809 | D:11     | Reached skill level 8 in Shields
  8249 | D:11     | Reached skill level 4 in Invocations
  8574 | D:11     | Reached skill level 6 in Armour
  8654 | D:10     | Entered Level 10 of the Dungeon
  8686 | D:10     | Found a staircase to the Orcish Mines.
  8697 | D:9      | Found Qihie's Weapon Boutique.
  8718 | D:9      | Found a staircase to the Lair.
  8747 | D:9      | Found a burning altar of Makhleb.
  9122 | D:9      | Reached skill level 5 in Invocations
  9749 | D:8      | Noticed Erolcha
  9756 | D:8      | Killed Erolcha
  9756 | D:8      | Reached skill level 7 in Fighting
  9756 | D:8      | Reached XP level 11. HP: 62/75 MP: 13/16
 10208 | D:10     | Noticed a hill giant
 10216 | D:10     | Killed a hill giant
 10216 | D:10     | Reached skill level 9 in Shields
 10216 | D:10     | Reached skill level 6 in Invocations
 10633 | D:10     | Got a shimmering dagger
 10645 | D:10     | Identified the +2 dagger "Syufu" {pain, MR+ Dex+3} (You found it on level 10 of the Dungeon)
 11509 | Orc:1    | Entered Level 1 of the Orcish Mines
 11549 | Orc:1    | Reached skill level 12 in Long Blades
 11703 | Orc:1    | Noticed an orc sorcerer
 11704 | Orc:1    | Found Kus Nikeu's Assorted Antiques.
 11706 | Orc:1    | Noticed an orc knight
 11707 | Orc:1    | Noticed a sun demon
 11953 | D:10     | Killed an orc knight
 11958 | D:10     | Reached skill level 7 in Invocations
 12152 | Orc:1    | Paralysed by an orc sorcerer for 5 turns
 12161 | Orc:1    | HP: 17/75 [orc sorcerer/bolt of negative energy[an orc knight] (22)]
 12258 | D:10     | Noticed a sun demon
 12270 | D:10     | Killed an orc sorcerer
 12531 | Orc:1    | Found a roughly hewn altar of Beogh.
 12531 | Orc:1    | Noticed an orc high priest
 12531 | Orc:1    | Noticed an orc sorcerer
 12536 | Orc:1    | Reached skill level 7 in Armour
 12547 | Orc:1    | Killed an orc sorcerer
 12557 | Orc:1    | HP: 15/75 [orc priest/divine providence[an orc high priest] (14)]
 12558 | Orc:1    | Killed an orc high priest
 13216 | Orc:2    | Entered Level 2 of the Orcish Mines
 13216 | Orc:2    | Noticed an orc knight
 13250 | Orc:1    | Killed an orc knight
 13250 | Orc:1    | Reached skill level 8 in Invocations
 13416 | Orc:2    | Found a staircase to the Elven Halls.
 13468 | Orc:2    | Noticed an orc sorcerer
 13470 | Orc:2    | Noticed an orc sorcerer
 13476 | Orc:2    | Noticed a sun demon
 13487 | Orc:1    | Killed an orc sorcerer
 13522 | Orc:2    | Paralysed by an orc sorcerer for 3 turns
 13528 | Orc:2    | Killed an orc sorcerer
 13528 | Orc:2    | Reached skill level 10 in Shields
 13528 | Orc:2    | Reached XP level 12. HP: 81/82 MP: 19/19
 13825 | Orc:2    | Noticed an orc high priest
 13854 | Orc:2    | Reached skill level 8 in Fighting
 13951 | Orc:2    | Noticed an orc high priest
 13983 | Orc:2    | Killed an orc high priest
 14002 | Orc:2    | Killed an orc high priest
 14002 | Orc:2    | Received a gift from Okawaru
 14049 | Orc:2    | Paralysed by an orc sorcerer for 7 turns
 14057 | Orc:2    | HP: 17/83 [orc priest/divine providence (12)]
 14061 | Orc:2    | HP: 7/83 [orc priest/divine providence (11)]
 14322 | Orc:2    | Reached skill level 9 in Invocations
 15078 | Orc:2    | Noticed an orc warlord
 15099 | Orc:2    | HP: 11/84 [orc warlord/halberd of pain (23)]
 15117 | Orc:2    | Killed an orc warlord
 15117 | Orc:2    | Reached skill level 13 in Long Blades
 15117 | Orc:2    | Reached skill level 8 in Armour
 15117 | Orc:2    | Reached skill level 11 in Shields
 15527 | Orc:2    | Received a gift from Okawaru
 15699 | Orc:2    | Noticed an orc high priest
 15718 | Orc:2    | Killed an orc high priest
 15718 | Orc:2    | Reached skill level 9 in Fighting
 15742 | Orc:2    | Found Danoppi's General Store.
 15743 | Orc:2    | Found Oboff's Jewellery Shop.
 15744 | Orc:2    | Found Odybais's Antique Armour Shop.
 15744 | Orc:2    | Found Ryxipoc's Antique Weapon Boutique.
 15853 | Orc:2    | Noticed an orc high priest
 15861 | Orc:2    | Killed an orc high priest
 16104 | Orc:1    | Bought a leatherbound manual for 360 gold pieces
 16263 | Orc:2    | Bought a pair of embroidered gloves for 121 gold pieces
 16499 | Lair:1   | Entered Level 1 of the Lair of Beasts
 16530 | Lair:1   | Reached XP level 13. HP: 87/90 MP: 20/20
 16707 | Lair:1   | Noticed Erica
 16713 | Lair:1   | Killed Erica
 16885 | Orc:2    | Bought an uncursed amulet of faith for 560 gold pieces
 17980 | Lair:2   | Received a gift from Okawaru
 19060 | Lair:3   | Found a frozen archway.
 19086 | Lair:3   | Reached skill level 9 in Armour
 19086 | Lair:3   | Reached skill level 12 in Shields
 19288 | IceCv    | Entered an ice cave
 19288 | IceCv    | Noticed Buffagor's ghost (journeyman GrFi)
 19322 | IceCv    | Killed Buffagor's ghost
 19652 | Lair:3   | Reached skill level 14 in Long Blades
 20115 | Lair:3   | Received a gift from Okawaru
 20118 | Lair:3   | Got a brightly glowing cloak {god gift}
 20129 | Lair:3   | Identified the +0 cloak of the Desert {rPois Str-4 Int+4 Dex+9 Stlth-} (Okawaru gifted it to you on level 3 of the Lair of Beasts)
 20284 | Orc:1    | Learned a level 2 spell: Repel Missiles
 20287 | Orc:1    | Learned a level 2 spell: Blink
 20766 | Lair:3   | Reached skill level 10 in Fighting
 21827 | Lair:4   | Reached XP level 14. HP: 77/99 MP: 21/21
 22151 | Lair:5   | Reached skill level 13 in Shields
 22656 | Lair:5   | Received a gift from Okawaru
 22672 | Lair:5   | Identified a +2 pair of boots of running (Okawaru gifted it to you on level 5 of the Lair of Beasts)
 22994 | Lair:6   | Found a staircase to the Snake Pit.
 23071 | Lair:6   | Found a staircase to the Swamp.
 23223 | Lair:6   | Reached skill level 10 in Armour
 24896 | Lair:8   | Entered Level 8 of the Lair of Beasts
 25024 | Lair:8   | Reached skill level 15 in Long Blades
 25200 | Lair:8   | Reached ****** piety under Okawaru
 25203 | Lair:8   | Received a gift from Okawaru
 25223 | Lair:8   | Reached skill level 14 in Shields
 25418 | Lair:8   | HP: 22/99 [giant leech (13)]
 25469 | Lair:7   | Reached skill level 11 in Fighting
 25655 | Lair:7   | Learned a level 3 spell: Call Canine Familiar
 25655 | Lair:7   | Identified a scroll of acquirement
 25772 | Lair:8   | Found a staircase to the Slime Pits.
 26142 | Lair:8   | Received a gift from Okawaru
 26186 | Lair:8   | Learned a level 4 spell: Passage of Golubria
 26235 | Lair:8   | Got a distressingly furry cloak
 26269 | Lair:8   | Identified the cursed +0 cloak of Unreason {Dex+5} (You found it on level 8 of the Lair of Beasts)
 26293 | Lair:8   | Reached XP level 15. HP: 92/106 MP: 22/22
 28570 | D:13     | Noticed penpaper's ghost (journeyman GrFi)
 28597 | D:13     | Killed penpaper's ghost
 28725 | D:13     | Received a gift from Okawaru
 28745 | D:13     | Got an ancient short sword {god gift}
 28746 | D:13     | Identified the +3 short sword of Grace {holy, +Fly rPois Str+3 Dex+3} (Okawaru gifted it to you on level 13 of the Dungeon)
 28882 | D:13     | Noticed Nessos
 28919 | D:13     | Killed Nessos
 28919 | D:13     | Reached skill level 11 in Armour
 29135 | D:13     | Reached skill level 15 in Shields
 29290 | D:14     | Found a flagged portal.
 29381 | Bailey   | Entered a bailey
 29386 | Bailey   | Noticed heteroy's ghost (novice FoAs)
 29398 | Bailey   | Killed heteroy's ghost
 29398 | Bailey   | Reached skill level 16 in Long Blades
 29582 | Bailey   | Received a gift from Okawaru
 29604 | Bailey   | Got a shimmering hat {god gift}
 29616 | Bailey   | Identified the +0 hat of Nihilism {rPois rC+ Regen+ Str+2} (Okawaru gifted it to you in a bailey)
 29711 | Bailey   | Noticed an orc warlord
 29731 | Bailey   | Killed an orc warlord
 29731 | Bailey   | Reached skill level 12 in Fighting
 29775 | Bailey   | Reached skill level 3 in Dodging
 29824 | Bailey   | Reached skill level 5 in Spellcasting
 29824 | Bailey   | Reached XP level 16. HP: 114/114 MP: 22/25
 30009 | D:14     | Noticed Maud
 30029 | D:14     | Killed Maud
 30036 | D:14     | Got a faintly humming helmet
 30050 | D:14     | Identified the +1 helmet of the Oligarchy {MR+} (You found it on level 14 of the Dungeon)
 30398 | D:14     | Got a transparent glaive
 30426 | D:14     | Found a gate to the Vaults.
 30547 | D:14     | Identified the +4 glaive of Patience {drain, Dex+3} (You found it on level 14 of the Dungeon)
 30548 | D:14     | Paralysed by a giant eyeball for 3 turns
 30581 | D:14     | Reached skill level 4 in Dodging
 31036 | D:14     | Found a portal to a secret trove of treasure.
 31256 | Orc:2    | Bought 2 scrolls of acquirement for 1248 gold pieces
 31258 | Orc:2    | Got a crude hat
 31275 | Orc:2    | Identified the +1 hat of Ru's Castigation {rPois Str-2 Dex+2} (You acquired it on level 2 of the Orcish Mines)
 31290 | Orc:2    | Learned a level 3 spell: Regeneration
 31294 | Orc:2    | Learned a level 3 spell: Spectral Weapon
 31297 | Orc:2    | Learned a level 2 spell: Song of Slaying
 31445 | D:15     | Entered Level 15 of the Dungeon
 31475 | D:15     | Found Pevon's Antique Armour Emporium.
 31501 | D:15     | Reached skill level 12 in Armour
 31522 | D:15     | Found a staircase to the Depths.
 31561 | D:15     | Bought a pair of embroidered gloves for 162 gold pieces
 31628 | D:15     | Received a gift from Okawaru
 31761 | D:15     | Reached XP level 17. HP: 121/121 MP: 26/26
 31784 | D:15     | Found a white marble altar of Elyvilon.
 32692 | Swamp:1  | Entered Level 1 of the Swamp
 33009 | Swamp:1  | Reached skill level 5 in Dodging
 34049 | D:15     | Bought an ancient ring mail for 324 gold pieces
 34059 | D:15     | Identified the cursed +1 ring mail of Elyvilon's Regard {*Contam rPois MR+++ Dex-5} (You bought it in a shop on level 15 of the Dungeon)
 34422 | Swamp:2  | Noticed Jorgrun
 34523 | Swamp:2  | Killed Jorgrun
 34523 | Swamp:2  | Reached skill level 6 in Dodging
 34912 | Swamp:2  | Noticed Nikola
 34938 | Swamp:2  | Killed Nikola
 34938 | Swamp:2  | Received a gift from Okawaru
 34938 | Swamp:2  | Reached skill level 13 in Fighting
 34938 | Swamp:2  | Reached skill level 13 in Armour
 34996 | Swamp:2  | Upgraded the game from 0.19-a0-459-gb8ed64d to 0.19-a0-518-g626ee58
 35053 | Swamp:2  | Noticed Roxanne
 35127 | Swamp:2  | Killed Roxanne
 35129 | Swamp:2  | Identified Roxanne's Grimoire of the Rocks (You took it off Roxanne on level 2 of the Swamp)
 35143 | Swamp:2  | Got a sapphire blowgun
 35145 | Swamp:2  | Identified the +7 blowgun of Ykiumuacw {evade, Fragile rElec rF+ Stlth+} (You found it on level 2 of the Swamp)
 35479 | Swamp:3  | Reached skill level 7 in Dodging
 35830 | Swamp:3  | Upgraded the game from 0.19-a0-518-g626ee58 to 0.19-a0-529-g411dd88
 36119 | Swamp:4  | Entered Level 4 of the Swamp
 36158 | Swamp:4  | grandjackal: so what do you know
 36158 | Swamp:4  | grandjackal: about the staff of torment
 36158 | Swamp:4  | Charmandara: probably useless if you aren't torment immune
 36158 | Swamp:4  | grandjackal: noted
 36191 | Swamp:4  | Upgraded the game from 0.19-a0-529-g411dd88 to 0.19-a0-569-g984bae3
 36212 | Swamp:4  | Reached skill level 1 in Summonings
 36218 | Swamp:4  | Reached skill level 2 in Summonings
 36302 | Swamp:4  | Reached skill level 3 in Summonings
 36322 | Swamp:4  | Reached skill level 4 in Summonings
 36390 | Swamp:4  | Reached skill level 5 in Summonings
 36418 | Swamp:4  | Reached skill level 6 in Summonings
 36443 | Swamp:4  | Reached skill level 7 in Summonings
 36568 | Swamp:4  | Got a warped broad axe
 36569 | Swamp:4  | Identified the +1 broad axe of Trog's Castigation {chop, Str+4} (You found it on level 4 of the Swamp)
 36615 | Swamp:4  | Received a gift from Okawaru
 36735 | Swamp:4  | Reached skill level 8 in Summonings
 37072 | Swamp:4  | Received a gift from Okawaru
 37082 | Swamp:4  | Reached skill level 9 in Summonings
 37273 | Swamp:4  | Got a decaying rune of Zot
 37302 | Swamp:4  | Reached XP level 18. HP: 125/128 MP: 27/27
 37590 | Lair:1   | Reached skill level 10 in Summonings
 37712 | Snake:1  | Entered Level 1 of the Snake Pit
 38181 | Snake:1  | Found Zabo's Armour Shop.
 38600 | Snake:1  | Reached skill level 11 in Summonings
 39083 | Snake:2  | Reached skill level 1 in Hexes
 39083 | Snake:2  | Reached skill level 1 in Charms
 39181 | Snake:2  | Reached skill level 2 in Charms
 39229 | Snake:2  | Reached skill level 2 in Hexes
 39237 | Snake:2  | Received a gift from Okawaru
 39601 | Snake:2  | Reached skill level 3 in Charms
 39703 | Snake:2  | Reached skill level 3 in Hexes
 39872 | Snake:2  | Reached skill level 1 in Necromancy
 39872 | Snake:2  | Reached skill level 1 in Translocations
 40331 | Snake:3  | Noticed Aizul
 40344 | Snake:3  | Killed Aizul
 40344 | Snake:3  | Reached skill level 2 in Translocations
 40379 | Snake:3  | Learned a level 5 spell: Summon Forest
 40460 | Snake:3  | Reached skill level 2 in Necromancy
 40596 | Snake:3  | Reached skill level 3 in Translocations
 40988 | Snake:3  | Reached skill level 3 in Necromancy
 41373 | Snake:4  | Entered Level 4 of the Snake Pit
 41515 | Snake:4  | Reached skill level 4 in Translocations
 41563 | Snake:4  | Reached skill level 1 in Air Magic
 41625 | Snake:4  | Reached skill level 5 in Translocations
 41700 | Snake:4  | Found Wiomp's Food Shoppe.
 41779 | Snake:4  | Reached skill level 2 in Air Magic
 41883 | Snake:4  | Gained mutation: You are resistant to electric shocks. (rElec) [potion of beneficial mutation]
 41943 | Snake:4  | Found a sacrificial altar of Ru.
 42236 | Snake:4  | Received a gift from Okawaru
 42279 | Snake:4  | Reached skill level 6 in Translocations
 42517 | Snake:4  | Reached skill level 7 in Translocations
 42592 | Snake:4  | Noticed Wiglaf
 42695 | Snake:4  | Reached skill level 8 in Translocations
 42775 | Snake:4  | Reached skill level 9 in Translocations
 43089 | Snake:4  | Reached skill level 10 in Translocations
 43093 | Snake:4  | Got a serpentine rune of Zot
 43596 | Elf:1    | Entered Level 1 of the Elven Halls
 43634 | Orc:2    | Bought a scroll of acquirement for 624 gold pieces
 43855 | Elf:1    | Reached XP level 19. HP: 84/134 MP: 28/28
 43866 | Elf:1    | Reached skill level 11 in Translocations
 44126 | Elf:1    | Reached skill level 8 in Dodging
 44223 | Elf:1    | Noticed Frances
 44238 | Elf:1    | Killed Frances
 44248 | Elf:1    | Received a gift from Okawaru
 44419 | Elf:1    | Got a fine amber ring
 44422 | Elf:1    | Identified the ring of Lipagi {MP+9 Str+3 Stlth+} (You found it on level 1 of the Elven Halls)
 44439 | Elf:1    | Noticed Donald
 44453 | Elf:1    | Killed Donald
 44620 | Elf:1    | Paralysed by an orc sorcerer for 3 turns
 44794 | Elf:1    | Reached skill level 9 in Dodging
 45613 | D:14     | You paid a toll of 3 potions of cure mutation to enter a treasure trove
 45614 | Trove    | Entered a treasure trove
 45963 | Elf:2    | Received a gift from Okawaru
 45966 | Elf:2    | Got a bloodstained scimitar {god gift}
 45967 | Elf:2    | Identified the +6 scimitar of Distraction {elec, *Drain rPois Str+6} (Okawaru gifted it to you on level 2 of the Elven Halls)
 45968 | Elf:2    | Noticed Louise
 45992 | Elf:2    | Killed Louise
 46218 | Elf:2    | Reached skill level 14 in Armour
 46268 | Elf:2    | Found a huge runed gate.
 46268 | Elf:2    | Found a huge runed gate.
 46268 | Elf:2    | Found a huge runed gate.
 46268 | Elf:2    | Found a huge runed gate.
 46271 | Elf:2    | Found a huge runed gate.
 46327 | Elf:2    | Reached skill level 10 in Dodging
 46575 | Elf:2    | Reached skill level 14 in Fighting
 46868 | Elf:2    | Reached skill level 11 in Dodging
 46916 | Elf:2    | Received a gift from Okawaru
 47007 | Elf:2    | grandjackal: hmmmm
 47007 | Elf:2    | grandjackal: i thought this was a new hall of blades layout
 47007 | Elf:2    | grandjackal: like that pond in front, i saw the map and thought the sides had doors into the hall
 47007 | Elf:2    | grandjackal: that would be pretty wicked actually
 47062 | Elf:3    | Entered Level 3 of the Elven Halls
 47820 | Elf:3    | Got a thick robe
 47969 | Elf:3    | Reached skill level 12 in Dodging
 48207 | Elf:3    | Reached XP level 20. HP: 140/144 MP: 29/29
 48447 | Elf:3    | Received a gift from Okawaru
 48606 | Elf:3    | Reached skill level 13 in Dodging
 48625 | Elf:3    | Received a gift from Okawaru
 49181 | Elf:3    | Identified the Disquisition on Stolen Souls (You found it on level 3 of the Elven Halls)
 49208 | Elf:3    | Got a faintly glowing robe
 49281 | Elf:3    | Reached skill level 15 in Fighting
 49390 | Elf:3    | Got a faintly glowing amber ring
 49392 | Elf:3    | Identified the ring of Keos {rC++ MR++ MP-9 EV+4} (You took it off a deep elf annihilator on level 3 of the Elven Halls)
 49629 | Vaults:1 | Entered Level 1 of the Vaults
 49687 | Vaults:1 | Reached skill level 15 in Armour
 49894 | Vaults:1 | Reached skill level 14 in Dodging
 49910 | Vaults:1 | Received a gift from Okawaru
 50424 | Vaults:1 | Got an ichor-stained scale mail
 50729 | Vaults:1 | Identified the Incunabulum of Sinister Magic (You acquired it on level 1 of the Vaults)
 50735 | Vaults:1 | Learned a level 4 spell: Control Undead
 50746 | Vaults:1 | Identified the +4 scale mail of Free Will {Dex+2} (You found it on level 1 of the Vaults)
 52036 | Vaults:2 | HP: 24/146 [acid[an ironheart preserver] (15)]
 52044 | Vaults:2 | Reached skill level 15 in Dodging
 52536 | Vaults:2 | Received a gift from Okawaru
 52810 | Vaults:2 | Reached XP level 21. HP: 135/152 MP: 16/30
 53254 | Vaults:2 | Found a basalt altar of Yredelemnul.
 53256 | Vaults:2 | Found a staircase to the Crypt.
 53257 | Vaults:2 | Found an ancient bone altar of Kikubaaqudgha.
 53590 | Vaults:2 | Noticed Margery
 53614 | Vaults:2 | Killed Margery
 53614 | Vaults:2 | Received a gift from Okawaru
 53616 | Vaults:2 | HP: 36/153 [hell knight/bolt of fire[Margery] (29)]
 54310 | Vaults:3 | Reached skill level 16 in Armour
 54559 | Vaults:3 | Found Istrouqipn's Jewellery Emporium.
 54697 | Vaults:3 | Reached skill level 16 in Fighting
 55098 | Vaults:3 | Paralysed by a giant eyeball for 2 turns
 55591 | Vaults:3 | Received a gift from Okawaru
 55598 | Vaults:3 | Got a pitted large shield {god gift}
 55609 | Vaults:3 | Identified the +0 large shield of the Ban {Dex+3 SInv} (Okawaru gifted it to you on level 3 of the Vaults)
 55861 | Vaults:3 | Reached skill level 17 in Armour
 55890 | Vaults:3 | HP: 35/154 [stone giant (44)]
 56838 | Vaults:4 | Gained mutation: [Potions and wands are less effective at restoring your health.] [a shining eye]
 56867 | Vaults:4 | HP: 32/154 [deep elf archer/arrow (19)]
 57252 | Vaults:4 | Received a gift from Okawaru
 57402 | Vaults:4 | Reached XP level 22. HP: 162/162 MP: 29/31
 57615 | Vaults:4 | Found Ynwaam's Gadget Shop.
 57849 | Vaults:4 | Reached skill level 17 in Fighting
 57849 | Vaults:4 | Reached skill level 16 in Shields
 58447 | Vaults:4 | Noticed Saint Roka
 58474 | Vaults:4 | Killed Saint Roka
 58671 | Vaults:4 | HP: 38/163 [harpy (4)]
 59058 | Vaults:4 | Reached skill level 3 in Air Magic
 59070 | Vaults:4 | Received a gift from Okawaru
 59291 | Vaults:5 | Entered Level 5 of the Vaults
 59298 | Vaults:5 | Noticed a golden dragon
 59315 | Vaults:4 | Reached skill level 4 in Charms
 59381 | Vaults:5 | dickylongcocking: did u hear that death grips/les claypool banger
 59381 | Vaults:5 | Charmandara: yeahh!
 59381 | Vaults:5 | dickylongcocking: so good
 59392 | Vaults:5 | Reached skill level 4 in Air Magic
 59395 | Vaults:5 | Reached skill level 4 in Hexes
 59432 | Vaults:5 | dickylongcocking: do you have air magic
 59434 | Vaults:5 | dickylongcocking: high level
 59435 | Vaults:5 | dickylongcocking: spellz
 59450 | Vaults:5 | Reached skill level 5 in Charms
 59472 | Vaults:5 | Charmandara: nah
 59472 | Vaults:5 | Charmandara: didn't find like any air
 59472 | Vaults:5 | Charmandara: yet
 59472 | Vaults:5 | Charmandara: put im definitely gonna go for that
 59472 | Vaults:5 | Charmandara: when i find it
 59499 | Vaults:5 | Received a gift from Okawaru
 59499 | Vaults:5 | Reached skill level 17 in Shields
 59501 | Vaults:5 | Reached skill level 5 in Air Magic
 59519 | Vaults:5 | dickylongcocking: how u got so much AC
 59519 | Vaults:5 | Charmandara: protection brand
 59519 | Vaults:5 | dickylongcocking: whoa
 59519 | Vaults:5 | dickylongcocking: plutonium sword
 59519 | Vaults:5 | Charmandara: yeah dawg
 59519 | Vaults:5 | Charmandara: but lg shield of resist
 59519 | Vaults:5 | dickylongcocking: meh
 59519 | Vaults:5 | dickylongcocking: P L U T O N I U M
 59528 | Vaults:5 | Noticed a golden dragon
 59540 | Vaults:5 | dickylongcocking: u should use song of slaying ll
 59541 | Vaults:5 | HP: 40/163 [golden dragon (17)]
 59546 | Vaults:5 | dickylongcocking: rip
 59546 | Vaults:5 | HP: 33/163 [golden dragon (8)]
 59548 | Vaults:5 | dickylongcocking: lil elf
 59548 | Vaults:5 | Noticed a golden dragon
 59553 | Vaults:5 | dickylongcocking: no haste? :/
 59578 | Vaults:4 | HP: 39/163 [tentacled monstrosity (5)]
 59606 | Vaults:4 | dickylongcocking: lmfao
 59611 | Vaults:4 | dickylongcocking: cool tree
 59615 | Vaults:4 | Reached skill level 5 in Hexes
 59666 | Vaults:4 | dickylongcocking: hahahah
 59702 | Vaults:4 | dickylongcocking: sweet forest bruuuuh
 59900 | Vaults:5 | dickylongcocking: use forest jere
 59903 | Vaults:5 | dickylongcocking: yeaaaaaa
 59907 | Vaults:5 | dickylongcocking: song of slaying
 59908 | Vaults:5 | dickylongcocking: lol
 59936 | Vaults:5 | Reached skill level 6 in Charms
 59991 | Vaults:5 | Noticed an ancient lich
 59994 | Vaults:5 | HP: 40/163 [yaktaur captain/bolt (21)]
 60422 | Vaults:4 | Reached skill level 6 in Air Magic
 60812 | Vaults:5 | Noticed a caustic shrike
 60812 | Vaults:5 | a shadow dragon changed into a caustic shrike
 60813 | Vaults:5 | a caustic shrike changed into an iron dragon
 60815 | Vaults:5 | Noticed a golden dragon
 60815 | Vaults:5 | an iron dragon changed into a golden dragon
 60817 | Vaults:5 | a golden dragon changed into an iron troll
 60825 | Vaults:5 | dickylongcocking: YEAAAA
 60834 | Vaults:5 | dickylongcocking: hahahhaa
 60836 | Vaults:5 | dickylongcocking: let em come
 60837 | Vaults:5 | dickylongcocking: fuck em
 60840 | Vaults:5 | dickylongcocking: wow
 60876 | Vaults:5 | dickylongcocking: is it worth the +2 slaying hahaha
 60893 | Vaults:5 | dickylongcocking: man i really hate okawaru
 60899 | Vaults:5 | Killed a golden dragon
 60906 | Vaults:5 | HP: 38/163 [vault warden/war axe (9)]
 60919 | Vaults:5 | Received a gift from Okawaru
 60922 | Vaults:5 | Got an encrusted shortbow {god gift}
 60983 | Vaults:5 | HP: 40/163 [tengu reaver/long sword (10)]
 61007 | Vaults:5 | Reached XP level 23. HP: 46/169 MP: 20/32
 61009 | Vaults:5 | HP: 39/169 [redback (10)]
 61033 | Vaults:5 | Found Saumemown's Magic Scroll Shoppe.
 61050 | Vaults:5 | Reached skill level 6 in Hexes
 61060 | Vaults:5 | Reached skill level 7 in Charms
 61077 | Vaults:5 | HP: 38/169 [iron dragon (6)]
 61083 | Vaults:5 | Reached skill level 7 in Air Magic
 61150 | Vaults:5 | HP: 31/169 [shadow dragon/bolt of negative energy (37)]
 61230 | Vaults:5 | dickylongcocking: silence
 61232 | Vaults:5 | dickylongcocking: maybe
 61247 | Vaults:5 | dickylongcocking: afteroof
 61249 | Vaults:5 | dickylongcocking: ooooof
 61251 | Vaults:5 | dickylongcocking: ofoofofoofooof
 61254 | Vaults:5 | dickylongcocking: oooooooooof
 61256 | Vaults:5 | dickylongcocking: oooooooooooooooo
 61258 | Vaults:5 | dickylongcocking: f
 61260 | Vaults:5 | Killed an ancient lich
 61518 | Vaults:5 | Found Syibastiado's Distillery.
 61518 | Vaults:5 | Found Harchyevo's Distillery.
 61541 | Vaults:5 | Found Puogguh's Food Shoppe.
 61541 | Vaults:5 | Found Hasikuk's Magic Scroll Boutique.
 61574 | Vaults:5 | Received a gift from Okawaru
 61593 | Vaults:5 | Found Juannici's Food Shop.
 61647 | Vaults:5 | Found Cosix's Distillery.
 61756 | Vaults:5 | Reached skill level 4 in Necromancy
 61968 | Vaults:5 | Received a gift from Okawaru
 61978 | Vaults:5 | Reached skill level 18 in Shields
 62144 | Vaults:5 | Found Voasod's Magic Scroll Shop.
 62235 | Vaults:5 | Reached skill level 5 in Necromancy
 62416 | Vaults:5 | Identified the Incunabulum of Supportive Lightness (You acquired it on level 5 of the Vaults)
 62418 | Vaults:5 | dickylongcocking: acquire a book dude
 62418 | Vaults:5 | dickylongcocking: wowwwwww
 62418 | Vaults:5 | dickylongcocking: NICE
 62418 | Vaults:5 | dickylongcocking: right as i say that
 62418 | Vaults:5 | dickylongcocking: haha
 62428 | Vaults:5 | Noticed an ancient lich
 62448 | Vaults:5 | Killed an ancient lich
 62448 | Vaults:5 | Reached skill level 12 in Translocations
 62457 | Vaults:5 | Reached skill level 12 in Summonings
 62487 | Vaults:5 | Got a transparent dagger
 62507 | Vaults:5 | dickylongcocking: niiiiiiice
 62507 | Vaults:5 | Charmandara: lol there it is
 62567 | Vaults:5 | Got a silver rune of Zot
 62576 | Vaults:5 | dickylongcocking: you still need haste tho
 62578 | Vaults:5 | dickylongcocking: if u train charms more and do aquirement you'll prolly get it
 62672 | Vaults:5 | dickylongcocking: also why u train necro
 62684 | Vaults:5 | dickylongcocking: for regen?
 62712 | Vaults:5 | dickylongcocking: it's harder to train than charms
 62719 | Vaults:5 | Got a coiled graven amulet
 62764 | Vaults:5 | Got a scintillating marble ring
 62797 | Vaults:5 | Identified the amulet "Egeocod" {Harm *Drain rPois rF+ Dex-2} (You took it off a deep elf mage on level 5 of the Vaults)
 62799 | Vaults:5 | Identified the ring of Equilibrium {Fire Fragile rElec rN+++ Int-4} (You took it off a yaktaur captain on level 5 of the Vaults)
 62832 | Vaults:5 | Got a crystal mace {freeze}
 62834 | Vaults:5 | Identified the +6 mace "Worm" {freeze, MR++ Str+6} (You took it off a deep elf mage on level 5 of the Vaults)
 63026 | Vaults:5 | Received a gift from Okawaru
 63032 | Vaults:5 | dickylongcocking: i'm downloading bonzi buddyt
 63037 | Vaults:5 | Charmandara: lmao
 63040 | Vaults:5 | Charmandara: be safe
 63355 | Vaults:5 | dickylongcocking: all the malware is inactive now
 63355 | Vaults:5 | Charmandara: lol
 63355 | Vaults:5 | dickylongcocking: so now its just a purple gorilla
 63355 | Vaults:5 | Charmandara: rlly did you look it up?
 63355 | Vaults:5 | dickylongcocking: im gonna remake that all star video
 63355 | Vaults:5 | dickylongcocking: with 8bit music
 63355 | Vaults:5 | dickylongcocking: lol
 63355 | Vaults:5 | dickylongcocking: doing God's work
 63655 | D:15     | Charmandara: wanna skype?
 63708 | Depths:1 | Entered Level 1 of the Depths
 63717 | Depths:1 | Got an ichor-stained chain mail
 63718 | Depths:1 | Identified the +5 chain mail "Gaicwaps" {Stlth+} (You found it on level 1 of the Depths)
 63823 | Depths:1 | Found Plog's Weapon Shop.
 64040 | Depths:1 | Found Titam's General Store.
 64291 | Depths:1 | HP: 38/169 [something (16)]
 64404 | Depths:1 | dickylongcocking: ya
 64409 | Depths:1 | dickylongcocking: hold on
 64666 | Depths:1 | Found a gateway to Hell.
 64750 | Depths:1 | Reached skill level 8 in Charms
 64799 | Depths:1 | HP: 40/169 [deep troll shaman (illusionary) (10)]
 64804 | Depths:1 | HP: 14/169 [something/vampiric draining (26)]
 64819 | Depths:1 | HP: 35/169 [something (12)]
 64820 | Depths:1 | HP: 12/169 [something (19)]
 64827 | Depths:1 | HP: 12/169 [something/vampiric draining (29)]
 65240 | Depths:1 | Reached skill level 8 in Air Magic
 65383 | Depths:1 | Found Kacuvowu's Antique Armour Emporium.
 65498 | Depths:1 | Reached XP level 24. HP: 165/175 MP: 32/32
 65599 | Depths:1 | Received a gift from Okawaru
 65636 | Depths:1 | Got a pitted long sword {god gift}
 65704 | Depths:1 | Bought a scroll of amnesia for 56 gold pieces
 65714 | Depths:1 | Learned a level 4 spell: Airstrike
 65720 | Depths:1 | Learned a level 5 spell: Silence
 65959 | Depths:1 | Reached skill level 9 in Charms
 66005 | Depths:2 | Reached skill level 19 in Shields
 66279 | Depths:2 | Noticed the Enchantress
 66290 | Depths:2 | Killed the Enchantress
 66290 | Depths:2 | Reached skill level 9 in Air Magic
 66475 | Depths:2 | Noticed Asterion
 66494 | Depths:2 | Killed Asterion
 66872 | Depths:2 | Received a gift from Okawaru
 66977 | Depths:2 | Got a faerie dragon armour
 67006 | Depths:2 | Identified the +2 faerie dragon armour {+Inv MR- Str-3 Int+8} (You took it off the Enchantress on level 2 of the Depths)
 67032 | Depths:2 | Got a twisted robe
 67147 | Depths:2 | Reached skill level 10 in Charms
 67300 | Depths:2 | Identified the +2 robe of the Princeling {*Confuse +Inv Str+5 Int+3} (You took it off a spriggan berserker on level 2 of the Depths)
 67360 | Depths:2 | beem: I am beem. For help, type: !beem help
 67464 | Depths:2 | HP: 36/175 [daeva/divine providence (12)]
 67621 | Depths:2 | Noticed Mennas
 67645 | Depths:2 | Chudface: ow
 67661 | Depths:2 | Killed Mennas
 67661 | Depths:2 | Reached skill level 10 in Air Magic
 67741 | Depths:2 | Charmandara: of course i get the pluto sword when i also get lg shield of resist
 68029 | Depths:2 | Found a glowing silver altar of Zin.
 68104 | Depths:2 | Received a gift from Okawaru
 68624 | Depths:3 | Gained mutation: You possess an exceptional clarity of mind. [a shining eye]
 68632 | Depths:3 | Charmandara: thx eye
 68731 | Depths:3 | Found a one-way gate leading to the halls of Pandemonium.
 68742 | Depths:3 | Cast into level 2 of the Abyss (war gargoyle)
 68742 | Abyss:2  | Found a corrupted altar of Lugonu.
 68743 | Abyss:2  | Charmandara: ooh abyssal rune time
 69148 | Abyss:3  | Reached skill level 11 in Charms
 69252 | Abyss:3  | HP: 26/122 [wretched star/orb of energy (16)]
 69253 | Abyss:3  | HP: 9/122 [starcursed mass/accursed screaming (8)]
 69253 | Abyss:3  | Paralysed by accursed screaming for 1 turns
 69253 | Abyss:3  | HP: 3/122 [raiju/living lightning (6)]
 69255 | Abyss:3  | Noticed an ancient lich
 69261 | Abyss:3  | Killed from afar by an ancient lich

Vault maps used:
D:1:      saegor_arrival_under_anarchy
D:2:      minmay_door_path, okawaru_ov_weapons_minmay, marbit_many_paths,
          uniq_natasha
D:3:      ecumenical_altar_2, minmay_rat_hole
D:4:      grunt_temple_overflow_octagram
D:5:      basic_altar, first_bread, serial_shops, shop, uniq_eustachio
D:6:      minmay_temple_entry_glass, serial_glass, glass_columns_a,
          glass_columns_b, due_unseen_surprise, minmay_strange_pillars,
          minmay_strange_pillars, nicolae_ossuary_entry_false_entrances
D:7:      kennysheep_mini, basic_altar, the_bakery, minivault_22
D:8:      serial_shops, nicolae_shop_trees, uniq_erolcha
D:9:      dpeg_oklobed_lair, serial_shops, shop, basic_altar
D:10:     orc_0_dummy, kennysheep_path_1, roderic_roman_lattice,
          minmay_lizard_king
D:12:     minmay_misc_feat_ornament
D:13:     uniq_nessos
D:14:     cheibrodos_orc_bank, david_vaults_2, enter_trove_5,
          columned_hall_lemuel, enter_bailey_2, onia_ninara_cookie, uniq_maud
D:15:     grunt_enter_depths_hoard, basic_altar, minmay_misc_feat_diagonals,
          serial_shops, nicolae_shop_trees
Temple:   circular_temple_pool_12
Lair:1:   nicolae_lair_grove_arrangements, pond, uniq_erica
Lair:3:   portal_ice_cave_entry_imps, bh_autumn_forest_stairs,
          lemuel_fruit_fields
Lair:4:   grunt_megastairs_5, lemuel_fruit_tree
Lair:5:   worms_lemuel
Lair:6:   swamp_mist, minmay_snake_entry_guardpost_small,
          minmay_stone_trees_medium, grunt_forest_large_clearings,
          infiniplex_staircase_pool
Lair:7:   lemuel_fruit_fields, serial_bayou_shore_a, serial_bayou_shore_b,
          infiniplex_staircase_pool_2, serial_bayou_shore_b, lemuel_fruit_fields
Lair:8:   minmay_lair_end_frog_pond, dpeg_slime_entry_corner
Swamp:1:  evilmike_swamp_ruin_house_1, swamp_pool3
Swamp:2:  hangedman_swamp_blocks, swamp_pool1, uniq_roxanne, uniq_jorgrun,
          uniq_nikola
Swamp:3:  nicolae_swamp_orc_logging_accident
Swamp:4:  swamp_vile
Snake:1:  serial_shops, shop_statue, statue_in_the_mist_lemuel
Snake:3:  uniq_aizul
Snake:4:  grunt_snake_rune_serpentine_throne, serial_shops, shop, basic_altar,
          uniq_wiglaf
Orc:1:    serial_shops, nicolae_shop_statue_plus, kennysheep_orc_chapel
Orc:2:    st_orc_congregation
Elf:1:    elf_arrival_001, hangedman_corner_corridor, uniq_donald, uniq_frances
Elf:2:    special_room, serial_glass, glass_columns_a, glass_columns_a,
          dk_noncrumbling_4, uniq_louise
Elf:3:    grunt_elf_hall_diamonds
Vaults:1: ontoclasm_vaults_ligature, vaults_room_pool, v_misc_11, v_misc_17,
          nicolae_vaults_border_crossing, vaults_room_pools,
          nicolae_vaults_rhombus_5, vaults_room_grunt_arrival_ludios
Vaults:2: nicolae_vaults_inception_scallops, v_misc_4,
          ontoclasm_vaults_ring_square, minmay_crypt_entry_necro_gods,
          hangedman_vaults_slither, grunt_vaults_twisty, v_misc_16,
          vaults_mumra_hexcomb, nicolae_vaults_angled_halls, v_rooms_5,
          v_misc_8, vaults_dpeg_hooks, vaults_room_stairs_pillars,
          grunt_vaults_swirl, nicolae_vaults_little_ls,
          nicolae_vaults_statue_guard, uniq_margery
Vaults:3: dpeg_vaults_pockets_of_resistance,
          nicolae_vaults_windows_and_doors_thing, v_pattern_3,
          vaults_standard_mumra_enter_the_diamond, ontoclasm_vaults_hangar,
          grunt_vaults_trifunnel, v_misc_27, nicolae_vaults_yaktaur_gun_rack,
          vaults_room_stairs_pillars, v_misc_13, serial_shops,
          nicolae_shop_behind_doors
Vaults:4: vaults_dpeg_doors, v_alt_pattern_6, hangedman_vaults_stagger,
          v_misc_3, vaults_mumra_chevron_long, vaults_room_pools,
          hangedman_vaults_hat, v_misc_29, vaults_room_fours,
          ontoclasm_vaults_ring_small, hangedman_vaults_corner_blocks,
          st_more_cells, serial_shops, shop, serial_glass, uniq_saint_roka
Depths:1: serial_shops, nicolae_shop_stone, shop, shop_fountains,
          grunt_hell_horde, roderic_hopi_sauvastika, minmay_multi_spiral
Depths:2: evilmike_silver_temple, pf_coc_iceberg, hangedman_decor_growths,
          lemuel_nasty_fountain, uniq_enchantress, uniq_asterion
Depths:3: hangedman_crystal_crosses_colossus, pan_entry, hell_entry
Abyss:3:  hangedman_abyss_rune_flesh_and_stone, kilobyte_mutagenic_chamber
Trove:    trove_wands_scrolls
Ossuary:  ossuary_boxes_badplayer
Bailey:   bailey_axe_minmay_hex_keep, bailey
IceCv:    ice_cave_statue_garden_teleport

Skill      XL: |  1  2  3  4  5  6  7  8  9 10 11 12 13 14 15 16 17 18 19 20 21 22 23 24 |
---------------+-------------------------------------------------------------------------+-----
Long Blades    | 3 4 5 7 9 10 11 12 13 14 15 16 | 16.0
Dodging        | 1 2 3 4 7 12 15 | 15.6
Invocations    | 1 3 5 8 9 |  9.0
Shields        | 3 5 7 8 10 11 12 14 15 17 18 19 | 19.9
Armour         | 4 5 6 7 8 9 10 11 12 13 14 15 17 | 17.0
Fighting       | 4 6 7 9 10 11 12 13 14 15 16 17 | 17.2
Spellcasting   | 5 |  5.7
Summonings     | 9 11 12 | 12.0
Hexes          | 3 5 6 |  6.2
Charms         | 3 6 8 11 | 11.0
Necromancy     | 3 5 |  5.5
Translocations | 10 11 12 | 12.0
Air Magic      | 2 6 8 10 | 10.7

Action                   |  1- 3 |  4- 6 |  7- 9 | 10-12 | 13-15 | 16-18 | 19-21 | 22-24 || total
-------------------------+-------+-------+-------+-------+-------+-------+-------+-------++-------
Melee: Long sword        |    72 |   208 |   463 |   753 |       |       |       |       ||  1496
       Dagger            |       |       |       |   191 |       |       |       |       ||   191
       Double sword      |       |       |       |    96 |  1683 |  1565 |  2297 |  2282 ||  7923
       Scimitar          |       |       |       |       |    36 |    59 |       |       ||    95
       Eudemon blade     |       |       |       |       |       |       |       |    21 ||    21
Throw: Tomahawk          |       |       |       |     5 |       |       |       |       ||     5
       Javelin           |       |       |       |       |       |    10 |    23 |    18 ||    51
 Cast: Spectral Weapon   |       |       |       |       |       |    15 |    20 |    38 ||    73
       Repel Missiles    |       |       |       |       |       |     1 |     9 |     8 ||    18
       Summon Forest     |       |       |       |       |       |     7 |    31 |    19 ||    57
       Regeneration      |       |       |       |       |       |     4 |    26 |    34 ||    64
       Call Canine Famil |       |       |       |       |       |     4 |     3 |       ||     7
       Summon Butterflie |       |       |       |       |       |       |     6 |       ||     6
       Blink             |       |       |       |       |       |       |     1 |     4 ||     5
       Song of Slaying   |       |       |       |       |       |       |       |     1 ||     1
Invok: Heroism           |       |     1 |     4 |    29 |    26 |    23 |    30 |    20 ||   133
       Finesse           |       |       |       |     1 |     3 |     4 |     2 |     7 ||    17
Evoke: Wand              |       |     2 |     5 |    19 |    11 |     5 |    10 |    20 ||    72
       Lamp of fire      |       |       |       |     1 |     2 |     1 |       |     1 ||     5
       Deck              |       |       |       |       |     2 |     1 |       |       ||     3
       Phial of floods   |       |       |       |       |       |       |       |     1 ||     1
  Use: Scroll            |       |     4 |    19 |     9 |    25 |    19 |    18 |    31 ||   125
       Potion            |       |     1 |     6 |     6 |     4 |     7 |     4 |    11 ||    39
 Stab: Paralysed         |       |     2 |     3 |    12 |       |       |       |       ||    17
       Invisible         |       |       |       |       |     4 |       |       |       ||     4
       Distracted        |       |       |       |       |       |     7 |     7 |    21 ||    35
  Eat: Chunk             |     1 |     8 |    14 |    28 |    35 |    22 |    50 |    20 ||   178
       Pizza             |       |       |       |     2 |     2 |     3 |       |     1 ||     8
       Beef jerky        |       |       |       |       |     3 |     2 |     1 |     1 ||     7
       Meat ration       |       |       |       |       |       |     2 |     1 |     6 ||     9
       Fruit             |       |       |       |       |       |     6 |     4 |       ||    10
       Royal jelly       |       |       |       |       |       |     1 |       |       ||     1
Armor: Scale mail        |    33 |    76 |    84 |       |   174 |       |       |       ||   367
       Skin              |       |    91 |     3 |     2 |       |       |       |       ||    96
       Leather armour    |       |       |     5 |     5 |       |       |       |       ||    10
       Chain mail        |       |       |       |   188 |    91 |       |       |       ||   279
       Ring mail         |       |       |       |       |    78 |   293 |   251 |       ||   622
       Fire dragon armou |       |       |       |       |       |       |   159 |   534 ||   693
Dodge: Dodged            |    12 |    85 |   188 |   266 |   686 |   899 |  1557 |  1085 ||  4778
       Deflected         |       |       |       |       |       |     1 |    31 |    36 ||    68
Block: Shield            |    27 |   117 |   196 |   397 |  1013 |  1096 |  1583 |   108 ||  4537
       Reflection        |       |       |       |       |       |       |   128 |     1 ||   129
       Large shield      |       |       |       |       |       |       |     4 |  2887 ||  2891

Vault maps used:
D:1:      saegor_arrival_under_anarchy
D:2:      minmay_door_path, okawaru_ov_weapons_minmay, marbit_many_paths,
          uniq_natasha
D:3:      ecumenical_altar_2, minmay_rat_hole
D:4:      grunt_temple_overflow_octagram
D:5:      basic_altar, first_bread, serial_shops, shop, uniq_eustachio
D:6:      minmay_temple_entry_glass, serial_glass, glass_columns_a,
          glass_columns_b, due_unseen_surprise, minmay_strange_pillars,
          minmay_strange_pillars, nicolae_ossuary_entry_false_entrances
D:7:      kennysheep_mini, basic_altar, the_bakery, minivault_22
D:8:      serial_shops, nicolae_shop_trees, uniq_erolcha
D:9:      dpeg_oklobed_lair, serial_shops, shop, basic_altar
D:10:     orc_0_dummy, kennysheep_path_1, roderic_roman_lattice,
          minmay_lizard_king
D:12:     minmay_misc_feat_ornament
D:13:     uniq_nessos
D:14:     cheibrodos_orc_bank, david_vaults_2, enter_trove_5,
          columned_hall_lemuel, enter_bailey_2, onia_ninara_cookie, uniq_maud
D:15:     grunt_enter_depths_hoard, basic_altar, minmay_misc_feat_diagonals,
          serial_shops, nicolae_shop_trees
Temple:   circular_temple_pool_12
Lair:1:   nicolae_lair_grove_arrangements, pond, uniq_erica
Lair:3:   portal_ice_cave_entry_imps, bh_autumn_forest_stairs,
          lemuel_fruit_fields
Lair:4:   grunt_megastairs_5, lemuel_fruit_tree
Lair:5:   worms_lemuel
Lair:6:   swamp_mist, minmay_snake_entry_guardpost_small,
          minmay_stone_trees_medium, grunt_forest_large_clearings,
          infiniplex_staircase_pool
Lair:7:   lemuel_fruit_fields, serial_bayou_shore_a, serial_bayou_shore_b,
          infiniplex_staircase_pool_2, serial_bayou_shore_b, lemuel_fruit_fields
Lair:8:   minmay_lair_end_frog_pond, dpeg_slime_entry_corner
Swamp:1:  evilmike_swamp_ruin_house_1, swamp_pool3
Swamp:2:  hangedman_swamp_blocks, swamp_pool1, uniq_roxanne, uniq_jorgrun,
          uniq_nikola
Swamp:3:  nicolae_swamp_orc_logging_accident
Swamp:4:  swamp_vile
Snake:1:  serial_shops, shop_statue, statue_in_the_mist_lemuel
Snake:3:  uniq_aizul
Snake:4:  grunt_snake_rune_serpentine_throne, serial_shops, shop, basic_altar,
          uniq_wiglaf
Orc:1:    serial_shops, nicolae_shop_statue_plus, kennysheep_orc_chapel
Orc:2:    st_orc_congregation
Elf:1:    elf_arrival_001, hangedman_corner_corridor, uniq_donald, uniq_frances
Elf:2:    special_room, serial_glass, glass_columns_a, glass_columns_a,
          dk_noncrumbling_4, uniq_louise
Elf:3:    grunt_elf_hall_diamonds
Vaults:1: ontoclasm_vaults_ligature, vaults_room_pool, v_misc_11, v_misc_17,
          nicolae_vaults_border_crossing, vaults_room_pools,
          nicolae_vaults_rhombus_5, vaults_room_grunt_arrival_ludios
Vaults:2: nicolae_vaults_inception_scallops, v_misc_4,
          ontoclasm_vaults_ring_square, minmay_crypt_entry_necro_gods,
          hangedman_vaults_slither, grunt_vaults_twisty, v_misc_16,
          vaults_mumra_hexcomb, nicolae_vaults_angled_halls, v_rooms_5,
          v_misc_8, vaults_dpeg_hooks, vaults_room_stairs_pillars,
          grunt_vaults_swirl, nicolae_vaults_little_ls,
          nicolae_vaults_statue_guard, uniq_margery
Vaults:3: dpeg_vaults_pockets_of_resistance,
          nicolae_vaults_windows_and_doors_thing, v_pattern_3,
          vaults_standard_mumra_enter_the_diamond, ontoclasm_vaults_hangar,
          grunt_vaults_trifunnel, v_misc_27, nicolae_vaults_yaktaur_gun_rack,
          vaults_room_stairs_pillars, v_misc_13, serial_shops,
          nicolae_shop_behind_doors
Vaults:4: vaults_dpeg_doors, v_alt_pattern_6, hangedman_vaults_stagger,
          v_misc_3, vaults_mumra_chevron_long, vaults_room_pools,
          hangedman_vaults_hat, v_misc_29, vaults_room_fours,
          ontoclasm_vaults_ring_small, hangedman_vaults_corner_blocks,
          st_more_cells, serial_shops, shop, serial_glass, uniq_saint_roka
Depths:1: serial_shops, nicolae_shop_stone, shop, shop_fountains,
          grunt_hell_horde, roderic_hopi_sauvastika, minmay_multi_spiral
Depths:2: evilmike_silver_temple, pf_coc_iceberg, hangedman_decor_growths,
          lemuel_nasty_fountain, uniq_enchantress, uniq_asterion
Depths:3: hangedman_crystal_crosses_colossus, pan_entry, hell_entry
Abyss:3:  hangedman_abyss_rune_flesh_and_stone, kilobyte_mutagenic_chamber
Trove:    trove_wands_scrolls
Ossuary:  ossuary_boxes_badplayer
Bailey:   bailey_axe_minmay_hex_keep, bailey
IceCv:    ice_cave_statue_garden_teleport

Table legend:
 A = Turns spent in this place as a percentage of turns spent in the entire game.
 B = Non-inter-level travel turns spent in this place as a percentage of non-inter-level travel turns spent in the entire game.
 C = Inter-level travel turns spent in this place as a percentage of turns spent in this place.
 D = Turns resting spent in this place as a percentage of non-inter-level travel turns spent in this place.
 E = Turns spent auto-exploring this place as a percentage of non-inter-level travel turns spent in this place.
 F = Non-inter-level travel turns spent in this place divided by the number of levels of this place that you've seen.
                   A       B       C       D       E      F
               +-------+-------+-------+-------+-------+----------------------
         Total | 100.0 | 100.0 |   0.5 |   2.4 |   5.4 | 521.5
       Dungeon |  20.0 |  19.9 |   1.1 |   2.3 |   7.7 | 352.5
        Temple |   0.0 |   0.0 |   8.3 |   0.0 |  63.6 |  11.0
          Lair |  12.8 |  12.8 |   0.6 |   1.9 |   5.9 | 426.8
         Swamp |   7.1 |   7.1 |   0.5 |   2.2 |   5.5 | 470.8
     Snake Pit |   7.0 |   7.0 |   0.3 |   4.3 |   6.7 | 466.8
  Orcish Mines |   6.5 |   6.5 |   0.9 |   3.0 |   4.0 | 858.0
   Elven Halls |  11.0 |  11.0 |   0.3 |   2.6 |   5.5 | 975.7
        Vaults |  23.0 |  23.1 |   0.2 |   2.2 |   4.0 | 1226.6
        Depths |   7.9 |   7.9 |   0.2 |   2.8 |   3.8 | 703.3
         Abyss |   1.6 |   1.6 |   0.0 |   1.7 |   1.0 | 210.0
         Trove |   0.1 |   0.1 |   0.0 |   0.0 |   0.0 |  37.0
       Ossuary |   1.0 |   1.0 |   0.0 |   3.1 |  12.4 | 258.0
        Bailey |   1.6 |   1.6 |   0.0 |   0.0 |   0.7 | 435.0
      Ice Cave |   0.4 |   0.4 |   0.0 |   0.0 |   0.0 |  97.0
               +-------+-------+-------+-------+-------+----------------------

Table legend:
 A = Kills in this place as a percentage of kills in entire the game.
 B = Kills by you in this place as a percentage of kills by you in the entire game.
 C = Kills by friends in this place as a percentage of kills by friends in the entire game.
 D = Other kills in this place as a percentage of other kills in the entire game.
 E = Experience gained in this place as a percentage of experience gained in the entire game.
 F = Experience gained in this place divided by the number of levels of this place that you have seen.
                   A       B       C       D       E      F
               +-------+-------+-------+-------+-------+----------------------
         Total | 100.0 | 100.0 | 100.0 | 100.0 | 100.0 | 20341.8
       Dungeon |  19.4 |  20.2 |   0.0 |   0.0 |   6.0 | 4132.4
          Lair |  15.8 |  16.4 |   0.0 |   0.0 |   6.4 | 8337.1
         Swamp |   6.4 |   6.6 |   0.0 |   5.0 |   7.2 | 18607.0
     Snake Pit |   5.8 |   5.6 |  12.5 |   5.0 |   7.3 | 18878.2
  Orcish Mines |   6.2 |   6.4 |   0.0 |   5.0 |   2.1 | 10787.5
   Elven Halls |   9.4 |   9.1 |  13.9 |  25.0 |  14.9 | 51555.7
        Vaults |  25.7 |  24.0 |  69.4 |  60.0 |  42.3 | 87674.2
        Depths |   5.5 |   5.6 |   4.2 |   0.0 |  11.9 | 41302.0
         Abyss |   0.9 |   0.9 |   0.0 |   0.0 |   1.1 | 5485.5
       Ossuary |   1.6 |   1.7 |   0.0 |   0.0 |   0.1 | 526.0
        Bailey |   3.0 |   3.1 |   0.0 |   0.0 |   0.6 | 6443.0
      Ice Cave |   0.3 |   0.4 |   0.0 |   0.0 |   0.2 | 2349.0
               +-------+-------+-------+-------+-------+----------------------
